 Dungeon Crawl Stone Soup version 0.24.0-125-gc4c63601f3 (webtiles) character file.

Game seed: 15766377127546954924, levelgen mode: deterministic

264 straycat the Sneak (level 5, -4/42 HPs)
             Began as a Vampire Fighter on Mar 11, 2020.
             Slain by Grinder (8 damage)
             ... on level 4 of the Dungeon.
             The game lasted 00:11:15 (2509 turns).

straycat the Sneak (Vampire Fighter)                Turns: 2509, Time: 00:11:17

Health: -4/42      AC:  6    Str: 16    XL:     5   Next: 98%
Magic:  5/5        EV: 14    Int: 11    God:
Gold:   190        SH:  9    Dex: 18    Spells: 4/4 levels left

rFire    . . .     SeeInvis +   d - +0 falchion
rCold    . . .     Gourm    .   b - +0 shield
rNeg     . . .     Faith    .   a - +0 scale mail
rPois    .         Spirit   .   (no helmet)
rElec    .         Reflect  .   (no cloak)
rCorr    .         Harm     .   (no gloves)
MR       .....                  (no boots)
Stlth    +++.......             (no amulet)
HPRegen  0.34/turn              (no ring)
MPRegen  0.09/turn              (no ring)

@: agile, regenerating quickly
A: no food, fangs 3, see invisible, unbreathing
a: Exsanguinate


You were on level 4 of the Dungeon.
You were alive.

You visited 1 branch of the dungeon, and saw 4 of its levels.

You collected 190 gold pieces.

Inventory:

Hand Weapons
 d - a +0 falchion (weapon)
 e - a +0 trident
 l - a +0 short sword
 p - a +0 hand axe
Missiles
 m - 72 stones (quivered)
Armour
 a - a +0 scale mail (worn)
 b - a +0 shield (worn)
Jewellery
 c - an uncursed amulet of the gourmand {unknown}
 k - an uncursed ring of protection from fire {unknown}
 q - an uncursed amulet of magic regeneration
 y - an uncursed ring of magical power {unknown}
Wands
 o - a wand of polymorph (6)
Scrolls
 h - 4 scrolls of identify {unknown}
 i - 2 scrolls of magic mapping {unknown}
 n - 5 scrolls of remove curse {unknown}
 r - a scroll of amnesia {unknown}
 t - a scroll of blinking {unknown}
 u - a scroll of random uselessness {unknown}
 w - 2 scrolls of enchant weapon {unknown}
 x - a scroll of immolation {unknown}
Potions
 f - a potion of magic {unknown}
 g - a potion of mutation {unknown}
 s - a potion of degeneration {unknown}
 v - a potion of resistance {unknown}


   Skills:
 + Level 3.6 Fighting
 - Level 2.4 Armour
 * Level 3.8 Dodging
 * Level 5.7 Stealth
 - Level 2.6 Shields
 - Level 2.1 Unarmed Combat


You had 4 spell levels left.
You didn't know any spells.
Your spell library was empty.

Dungeon Overview and Level Annotations

Branches:
Dungeon (4/15)
 Temple: D:4-7

Altars:
Gozag
Wu Jian

Annotations:
D:4 Grinder


Innate Abilities, Weirdness & Mutations

You do not eat.
Your natural rate of healing is unusually fast.
You have razor-sharp teeth.
You have supernaturally acute eyesight. (SInv)
You can survive without breathing.


Message History

You hit Grinder but do no damage. Your bite misses Grinder.
Grinder is moderately wounded.
Grinder gestures at you. Pain shoots through your body!
You miss Grinder.
Grinder is moderately wounded.
Grinder barely misses you. Grinder hits you.
You writhe in agony.
You feel agile all of a sudden. Grinder gestures at you.
Pain shoots through your body!
You hit Grinder. You bite Grinder.
Grinder is heavily wounded.
Grinder hits you.
You writhe in agony.
Your scale mail prevents you from hitting Grinder.
Grinder is heavily wounded.
Grinder gestures at you. Pain shoots through your body!
* * * LOW HITPOINT WARNING * * *
Grinder hits you!
You die...

........#####.###
######...........
..... #.##.##..##
....# #>...##..#
....##
#.###.#..##...[...#
#.##..............#
#.#...#.###.......#
##...##...5##..(#
##..##.###@..(.#
#.....# #.#####
##.#).###.#
#.#.#...## #......#
#..[....#
.............
...........###
##.##......#


You could see Grinder.

Vanquished Creatures
  2 orc wizards (D:4)
  An orc priest (D:4)
  Jessica (D:2)
  Terence (D:2)
  5 adders
  2 oozes (D:2)
  A worm (D:3)
  A dart slug (D:2)
  5 leopard geckos
  8 orcs
  A giant cockroach (D:1)
  4 goblins
  3 hobgoblins
  4 jackals (D:4)
  2 quokkas
  A ball python (D:1)
  5 bats
  4 frilled lizards
  4 kobolds
  A leopard gecko skeleton (D:4)
  2 rats (D:1)
58 creatures vanquished.

Notes
Turn   | Place    | Note
-------+----------+-------------------------------------------
     0 | D:1      | straycat the Vampire Fighter began the quest for the Orb.
     0 | D:1      | Reached XP level 1. HP: 17/17 MP: 1/1
   255 | D:1      | Reached skill level 1 in Stealth
   465 | D:1      | Reached skill level 1 in Dodging
   465 | D:1      | Reached XP level 2. HP: 23/23 MP: 2/2
   707 | D:2      | Reached skill level 2 in Stealth
   785 | D:2      | Reached XP level 3. HP: 19/28 MP: 3/3
  1009 | D:2      | Noticed Jessica
  1018 | D:2      | Killed Jessica
  1018 | D:2      | Reached skill level 3 in Stealth
  1040 | D:2      | Noticed Terence
  1084 | D:2      | Killed Terence
  1084 | D:2      | Reached XP level 4. HP: 31/35 MP: 4/4
  1129 | D:2      | Reached skill level 4 in Stealth
  1530 | D:3      | Found an opulent altar of Gozag.
  1906 | D:3      | Reached XP level 5. HP: 38/41 MP: 5/5
  2218 | D:4      | Found an ornate altar of the Wu Jian Council.
  2251 | D:4      | Reached skill level 5 in Stealth
  2486 | D:4      | Noticed Grinder
  2489 | D:4      | Paralysed by Grinder for 3 turns
  2509 | D:4      | Slain by Grinder

Levels and vault maps discovered:
D:1:      sevenhm_arrival_forest_fort_small_4, layout_basic
D:2:      layout_rooms, first_ration, minmay_misc_feat_square,
          minmay_fountain_box, chequers_serial_rivers_room_a, uniq_jessica,
          uniq_terence
D:3:      layout_basic, nicolae_gozag_seed_capital, hangedman_decor_growths
D:4:      layout_loops_ring, old_standard_altar, minmay_temple_entry_nine_rooms,
          serial_shops, nicolae_shop_stone, okawaru_metal_pillars_1_2,
          uniq_grinder, uniq_robin

Skill      XL: |  1  2  3  4  5 |
---------------+----------------+-----
Stealth        | 1 2 3 4 5 |  5.7
Dodging        | 1 2 3 |  3.8
Fighting       | 3 |  3.6
Armour         | |  2.4
Shields        | |  2.6
Unarmed Combat | |  2.1

Action                   |  1- 3 |  4- 6 || total
-------------------------+-------+-------++-------
Melee: Unarmed           |    23 |       ||    23
       Whip              |     5 |       ||     5
       Short sword       |    74 |    77 ||   151
       Bite              |     4 |    22 ||    26
       Hand axe          |       |    10 ||    10
       Falchion          |       |    99 ||    99
Throw: Stone             |       |    17 ||    17
  Use: Potion            |       |     2 ||     2
Armor: Scale mail        |    60 |    79 ||   139
Dodge: Dodged            |    38 |    77 ||   115
Block: Shield            |    56 |    88 ||   144
       Rpst.: Falchion   |       |    16 ||    16
